Unix NetHack Version 5.0.0-0 post-release - last build May 23 2026 06:08:33 (1c0ff79ee797540d5714e4e18072db0edd9e58ae,branch:main).

Game began 2026-05-24 05:25:43, ended 2026-05-24 06:12:40.

DiamondSlug, lawful female dwarven Valkyrie

                                                                .---
                                            ..|                 ...---
                                           ...---       ..... ....|...|
                                           .....----   -.........---..--
                                           -.......---....--...---  ...--
                                          ...........G..-- --.--     ....-
                                          |.............-   ---      -....|
                                          --.--.|...     .--          ....|
                                           -----|...     .----        ....--
                                               --%.-     --....         .....--
                                             ---...       ---....       ......|
                                             |......--      |"...G....    ...--
                                             |.......--     ---.....^......-.|
                                             --...|...| --- |....|...........|
                                               ---|..-- -.---.---|..|.......-
                                                  ---   ......|  -----.--..--
                                                        .|...-       -------
                                                         --.-
                                                          ---
DiamondSlug the Skirmisher  St:18/01 Dx:10 Co:20 In:6 Wi:6 Ch:7  Lawful
Dlvl:7  $:51 HP:0(53) Pw:6(6) AC:4  Xp:4/153 T:2431 

Latest messages:
 In what direction?
 A bolt of fire blasts out of the horn!
 You kill the giant spider!
 You see here a giant spider corpse.
 There is a giant spider corpse here; eat it? q
 You see here a yellow gem.
 v - a yellow gem.
 You see here a giant spider corpse.
 You hear a G note squeak in the distance.
 You see here a food ration.
 w - a food ration.
 You miss the jackal.
 The jackal bites!
 You miss the jackal.
 The jackal bites!
 You miss the jackal.
 The jackal misses!
 You kill the jackal!
 A cloud of gas puts you to sleep!
 You wake up.
 You see here a banded mail.
 You stumble into a spider web!
 x - a banded mail.
 You disentangle yourself.
 Pick a monster, object or location.
 The giant bat bites!
 You miss the giant bat.
 The giant bat bites!
 The giant bat bites!
 You miss the giant bat.
 The giant bat misses!
 The giant bat bites!
 You hit the giant bat!
 The giant bat bites!
 The giant bat bites!
 What do you want to use or apply? [eprst or ?*] t
 Improvise? y
 You start playing your fire horn.
 In what direction?
 A bolt of fire blasts out of the horn!
 You kill the giant bat!
 The bolt of fire bounces!
 The bolt of fire hits you!
 Your cloth hat smoulders!
 You die...
 Do you want your possessions identified? y
 Do you want to see your attributes? y
 Do you want an account of creatures vanquished? y
 Do you want to see your conduct and achievements? y
 Do you want to see the dungeon overview? y

Inventory:
 Coins    ('$')
  $ - 51 gold pieces
 Weapons  (')')
  q - 11 blessed +1 crossbow bolts
  f - a +5 boomerang
  b - a +0 dagger (alternate weapon; not wielded)
  a - a +1 dwarvish spear (weapon in right hand)
 Armor    ('[')
  i - a cursed burnt +2 dunce cap (being worn)
  m - an uncursed burnt +0 pair of leather gloves
  l - an uncursed +0 pair of levitation boots
  j - an uncursed +0 pair of water walking boots
  c - an uncursed +3 small shield (being worn)
  x - an uncursed +0 banded mail
 Comestibles  ('%')
  w - an uncursed food ration
 Spellbooks  ('+')
  p - an uncursed spellbook of teleport away
 Potions  ('!')
  u - an uncursed potion of confusion
 Wands    ('/')
  e - a wand of teleportation (0:5)
 Tools    ('(')
  t - a fire horn (0:2)
  s - an uncursed leash
  r - an uncursed lock pick
 Gems/Stones  ('*')
  v - an uncursed worthless piece of yellow glass
  h - a cursed worthless piece of yellow glass

DiamondSlug the Valkyrie's attributes:

Background:
 You were a Skirmisher, a level 4 dwarven Valkyrie.
 You were lawful, on a mission for Tyr
 who was opposed by Odin (neutral) and Loki (chaotic).
 You were right-handed.
 You were in the Gnomish Mines, on level 7.
 You entered the dungeon 2431 turns ago.
 You had 153 experience points, 7 more were needed to attain level 5.

Basics:
 You had 0 out of 53 hit points.
 You had all 6 energy points (spell power).
 Your armor class was 4.
 Your wallet contained 51 zorkmids.
 Autopickup was off.

Final Characteristics:
 Your strength was 18/01 (limit:18/100).
 Your dexterity was 10 (limit:20).
 Your constitution was 20 (limit:20).
 Your intelligence was 6 (base:10, limit:16).
 Your wisdom was 6 (base:9, limit:16).
 Your charisma was 7 (limit:16).

Final Status:
 You weren't hungry.
 You were unencumbered.
 You were wielding a spear.
 You had basic skill with spear.

Final Attributes:
 You were piously aligned.
 You were cold resistant.
 You were telepathic.
 You had infravision.
 You were stealthy.
 You are dead.

Miscellaneous:
 You didn't encounter any bones levels.
 Total elapsed playing time was 46 minutes and 55 seconds.

Major events:
 Turn
    1: DiamondSlug the lawful dwarven Valkyrie entered the dungeon
 1432: attained the rank of Skirmisher (level 3)
 1671: entered the Gnomish Mines
 2431: killed by a bolt of fire played by herself

You didn't know any spells.

Skills:
 Fighting Skills
   bare handed combat [Unskilled]
   two weapon combat  [Unskilled]
   riding             [Unskilled]
 Weapon Skills
   dagger             [Basic]
   axe                [Unskilled]
   pick-axe           [Unskilled]
   short sword        [Unskilled]
   broadsword         [Unskilled]
   long sword         [Unskilled]
   two-handed sword   [Unskilled]
   saber              [Unskilled]
   hammer             [Unskilled]
   quarterstaff       [Unskilled]
   polearms           [Unskilled]
   spear              [Basic]
   trident            [Unskilled]
   lance              [Unskilled]
   sling              [Unskilled]
 Spellcasting Skills
   attack spells      [Unskilled]
   escape spells      [Unskilled]

Voluntary challenges:
 Character rerolling was not enabled.
 You never genocided any monsters.
 You never polymorphed an object.
 You never changed form.
 You used no wishes.
Achievements:
 You entered a shop.
 You attained the rank of Skirmisher.
 You entered the Gnomish Mines.

 The Dungeons of Doom: levels 1 to 4
    Level 1:
    Level 2:
       A general store, an altar, a fountain.
    Level 3:
       An armor shop.
    Level 4:
       A general store.
       Stairs down to The Gnomish Mines.
 The Gnomish Mines: levels 5 to 7
    Level 5:
    Level 7: <- You were here.
       Final resting place for
          you, killed by a bolt of fire played by yourself.


Vanquished creatures:
  a giant spider
  a rock mole
  3 floating eyes
  2 homunculi
  a giant bat
  2 orc zombies
  a werejackal
 an iguana
  a cave spider
  4 gnomes
  3 garter snakes
  a gecko
  8 jackals
  2 foxes
  a goblin
  2 sewer rats
  2 grid bugs
  a lichen
  a kobold zombie
  6 newts
44 creatures vanquished.

No species were genocided or became extinct.

Game over:
                       ----------
                      /          \
                     /    REST    \
                    /      IN      \
                   /     PEACE      \
                  /                  \
                  |   DiamondSlug    |
                  |      51 Au       |
                  | killed by a bolt |
                  |  of fire played  |
                  |    by herself    |
                  |                  |
                  |       2026       |
                 *|     *  *  *      | *
        _________)/\\_//(\/(/\)/\//\/|_)_______

Farvel DiamondSlug the Valkyrie...

You died in The Gnomish Mines on dungeon level 7 with 958 points,
and 51 pieces of gold, after 2431 moves.
You were level 4 with a maximum of 53 hit points when you died.

